[Event "Titled Tuesday Blitz February 28 Early 2023"]
[White "Livaic, Leon"]
[Black "Sourath Biswas"]
[WhiteFideId "14531534"]
[BlackFideId "35091484"]
[WhiteElo "2509"]
[BlackElo "2164"]
[Result "1-0"]
[Round "02"]
[TimeControl "180+2"]
[Date "2023.02.28"]
[WhiteClock "0:00:24"]
[BlackClock "0:00:06"]

1. d4 Nf6 2. Bg5 d5 3. Nd2 c5 4. e3 Nc6 5. Bxf6 gxf6 6. dxc5 e5 7. Nb3 Bxc5 8. Nxc5 Qa5+ 9. c3 Qxc5 10. Ne2 Bg4 11. Qb3 Na5 12. Qa4+ Bd7 13. Qh4 Qb6 14. Qb4 Qxb4 15. cxb4 Nc6 16. a3 a6 17. Nc3 Be6 18. b5 axb5 19. Bxb5 Ke7 20. O-O-O d4 21. Ne2 dxe3 22. Bxc6 Rac8 23. fxe3 Rxc6+ 24. Nc3 Bf5 25. Kd2 Rd8+ 26. Ke1 Rxd1+ 27. Kxd1 Rd6+ 28. Kc1 Bg4 29. h3 Bd7 30. Rd1 Bc6 31. g3 f5 32. Rxd6 Kxd6 33. b4 Bg2 34. h4 Ke6 35. Kd2 Kf6 36. a4 Kg6 37. b5 Kh5 38. e4 fxe4 39. Ke3 f5 40. a5 Kg4 41. Nd5 Kxg3 42. a6 f4+ 43. Ke2 bxa6 44. b6 f3+ 45. Kd2 f2 46. Ne3 f1=Q 47. Nxf1+ Bxf1 48. Ke3 1-0


[Site "https://www.chess.com"]

[Event "Titled Tuesday Blitz February 28 Early 2023"]
[White "Pinheiro, Iung Alicio de O."]
[Black "Indjic, Aleksandar"]
[WhiteFideId "2104350"]
[BlackFideId "911925"]
[WhiteElo "2283"]
[BlackElo "2625"]
[Result "0-1"]
[Round "02"]
[TimeControl "180+2"]
[Date "2023.02.28"]
[WhiteClock "0:00:04"]
[BlackClock "0:01:01"]

1. e4 c5 2. Nf3 d6 3. Nc3 Nf6 4. d4 cxd4 5. Nxd4 a6 6. a3 e5 7. Nf5 d5 8. Bg5 d4 9. Bxf6 gxf6 10. Nb1 Be6 11. Nd2 Qb6 12. Bd3 h5 13. O-O Nd7 14. c3 dxc3 15. bxc3 Qc6 16. Qe2 Rg8 17. g3 h4 18. Nxh4 Bh6 19. Nc4 Nc5 20. Ne3 Bxe3 21. Qxe3 O-O-O 22. Bc2 Rg4 23. f3 Rxh4 24. gxh4 Rh8 25. Qf2 Bc4 26. Rfd1 Ne6 27. Kh1 Nf4 28. Rd2 Be6 29. Qe3 Rxh4 30. Rg1 Rh8 31. Rgd1 Qc7 32. Qa7 Qxc3 33. Rd8+ Kc7 34. Qb8+ Kb6 35. R8d6+ Ka5 0-1


[Site "https://www.chess.com"]

[Event "Titled Tuesday Blitz February 28 Early 2023"]
[White "Bharath Subramaniyam H"]
[Black "Djokovic, Nebojsa"]
[WhiteFideId "46634827"]
[BlackFideId "938300"]
[WhiteElo "2395"]
[BlackElo "2589"]
[Result "0-1"]
[Round "02"]
[TimeControl "180+2"]
[Date "2023.02.28"]
[WhiteClock "0:00:04"]
[BlackClock "0:00:05"]

1. e4 e6 2. d4 d5 3. Nc3 Nf6 4. Bg5 h6 5. Bxf6 Qxf6 6. Nf3 Bb4 7. Bd3 dxe4 8. Bxe4 O-O 9. O-O Nd7 10. Bd3 Bxc3 11. bxc3 e5 12. Qe2 exd4 13. Qe4 g6 14. cxd4 Nb6 15. Ne5 c6 16. a4 Kg7 17. a5 Nd5 18. a6 b6 19. Rfd1 Nc3 20. Qxc6 Qxc6 21. Nxc6 Nxd1 22. Rxd1 Bd7 23. Ne5 Rfd8 24. c4 Ba4 25. Ra1 Rxd4 26. h3 f6 27. Nf3 Rxd3 28. Rxa4 Rc8 29. Rb4 Rd1+ 30. Kh2 Rc1 31. Nd2 Rc2 32. Nb3 R8xc4 33. Rb5 Rb2 34. Rd5 Rxb3 35. Rd7+ Kf8 36. Rxa7 Ra4 37. Ra8+ Ke7 0-1


[Site "https://www.chess.com"]

[Event "Titled Tuesday Blitz February 28 Early 2023"]
[White "Sukandar, Irine Kharisma"]
[Black "Kravtsiv, Martyn"]
[WhiteFideId "7101937"]
[BlackFideId "14113147"]
[WhiteElo "2301"]
[BlackElo "2695"]
[Result "0-1"]
[Round "02"]
[TimeControl "180+2"]
[Date "2023.02.28"]
[WhiteClock "0:02:33"]
[BlackClock "0:02:29"]

1. d4 d5 2. c4 e6 3. Nc3 Bb4 4. Nf3 Nf6 5. Qa4+ Nc6 6. Bg5 h6 7. Bh4 dxc4 8. e3 Bd7 9. Qc2 b5 10. Be2 Rb8 11. O-O Be7 12. Rfd1 Nb4 13. e4 Nxc2 0-1


[Site "https://www.chess.com"]

[Event "Titled Tuesday Blitz February 28 Early 2023"]
[White "Madaminov, Mukhiddin"]
[Black "Sielecki, Christof"]
[WhiteFideId "14210703"]
[BlackFideId "4620437"]
[WhiteElo "2511"]
[BlackElo "2443"]
[Result "1-0"]
[Round "02"]
[TimeControl "180+2"]
[Date "2023.02.28"]
[WhiteClock "0:00:17"]
[BlackClock "0:00:18"]

1. d4 d5 2. Nc3 Nf6 3. Bf4 c5 4. e4 Nxe4 5. Nxe4 dxe4 6. dxc5 Qa5+ 7. c3 Qxc5 8. Qa4+ Nc6 9. Qxe4 g6 10. Nf3 Bg7 11. Qe3 Qxe3+ 12. Bxe3 Bd7 13. O-O-O h6 14. Bc4 e6 15. Rd2 O-O-O 16. Rhd1 Rhe8 17. h4 f5 18. g3 Kc7 19. Bc5 Bc8 20. Bd6+ Kb6 21. Kc2 Bf8 22. Bxf8 Rxf8 23. Rxd8 Rxd8 24. Rxd8 Nxd8 25. Ne5 g5 26. hxg5 hxg5 27. Kd3 Kc5 28. b4+ Kd6 29. Kd4 g4 30. Bb5 b6 31. c4 Bb7 32. c5+ bxc5+ 33. bxc5+ Kc7 34. a3 Bd5 35. Ke3 Nb7 36. Kd4 Nd8 37. Bd3 Bb7 38. Bc4 Bc6 39. Ke3 Bd7 40. Kf4 Bc8 41. Ke3 Nb7 42. Kd4 Nd8 43. Bb3 Bb7 44. Ba4 Bc8 45. Nd3 Nf7 46. Bb3 Bd7 47. Nb4 a5 48. Nd3 Bc8 49. Ne5 Ng5 50. Bc2 Bb7 51. Ke3 Be4 52. Bb3 Bb7 53. Kf4 Bc8 54. Kxg5 1-0


[Site "https://www.chess.com"]

[Event "Titled Tuesday Blitz February 28 Early 2023"]
[White "Berezin, Viktor"]
[Black "Galchenko, Matvey"]
[WhiteFideId "14107872"]
[BlackFideId "24175480"]
[WhiteElo "2310"]
[BlackElo "2404"]
[Result "0-1"]
[Round "02"]
[TimeControl "180+2"]
[Date "2023.02.28"]
[WhiteClock "0:00:05"]
[BlackClock "0:00:32"]

1. d4 Nf6 2. Nf3 c5 3. d5 b5 4. c4 Qa5+ 5. Nbd2 bxc4 6. e4 Nxe4 7. Bxc4 g6 8. O-O Nd6 9. Bd3 Bg7 10. Re1 O-O 11. Rxe7 Ba6 12. Bxa6 Qxa6 13. Nb3 Nf5 14. Re1 c4 15. Nbd4 Nxd4 16. Nxd4 Qa5 17. Nf3 Na6 18. Ne5 Rfe8 19. Bf4 Qb5 20. b3 cxb3 21. Qxb3 Qxb3 22. axb3 Nb4 23. Rac1 Bxe5 24. Rxe5 Nd3 25. Rd1 Nxe5 0-1


[Site "https://www.chess.com"]

[Event "Titled Tuesday Blitz February 28 Early 2023"]
[White "Lamaze, Simon"]
[Black "Sasikiran, Krishnan"]
[WhiteFideId "36069264"]
[BlackFideId "5004985"]
[WhiteElo "2272"]
[BlackElo "2567"]
[Result "0-1"]
[Round "02"]
[TimeControl "180+2"]
[Date "2023.02.28"]
[WhiteClock "0:01:51"]
[BlackClock "0:02:26"]

1. e4 c5 2. Nf3 d6 3. d4 cxd4 4. Nxd4 Nf6 5. Nc3 a6 6. Bd2 Nc6 7. Nxc6 bxc6 8. Bd3 g6 9. O-O Bg7 10. Qe1 Nd7 11. Na4 O-O 12. f4 Rb8 13. Rb1 e5 14. f5 d5 15. c4 Nf6 16. Bg5 dxe4 17. Bxf6 Qd4+ 18. Kh1 exd3 19. Bxg7 Kxg7 20. f6+ Kh8 21. b3 Bf5 22. Qd2 e4 23. Rbe1 Rbe8 24. Nc3 e3 25. Qb2 d2 26. Rb1 Bxb1 0-1


[Site "https://www.chess.com"]

[Event "Titled Tuesday Blitz February 28 Early 2023"]
[White "Acor, Corey"]
[Black "Saravana, Krishnan P."]
[WhiteFideId "2024861"]
[BlackFideId "5018382"]
[WhiteElo "2341"]
[BlackElo "2189"]
[Result "1-0"]
[Round "02"]
[TimeControl "180+2"]
[Date "2023.02.28"]
[WhiteClock "0:00:14"]
[BlackClock "0:00:01"]

1. e4 c6 2. d3 d5 3. Nd2 g6 4. g3 Bg7 5. Bg2 e5 6. Ngf3 Ne7 7. O-O O-O 8. b3 c5 9. exd5 Nxd5 10. Bb2 Nc6 11. Re1 Re8 12. Nc4 f6 13. d4 cxd4 14. Nxd4 Nxd4 15. Bxd4 Be6 16. Bb2 Qd7 17. Qe2 Rad8 18. Rad1 Qf7 19. Rd2 Bh6 20. Rd3 Bf5 21. Rdd1 Be6 22. Nxe5 fxe5 23. Qxe5 Kf8 24. Bxd5 Bxd5 25. Qh8+ Qg8 26. Qf6+ Qf7 27. Rxe8+ Kxe8 28. c4 Bg7 29. Re1+ Kf8 30. Qxd8+ 1-0


[Site "https://www.chess.com"]

[Event "Titled Tuesday Blitz February 28 Early 2023"]
[White "Drygalov, Sergey"]
[Black "Sharapov, Evgeny"]
[WhiteFideId "24171743"]
[BlackFideId "14103133"]
[WhiteElo "2533"]
[BlackElo "2367"]
[Result "1-0"]
[Round "02"]
[TimeControl "180+2"]
[Date "2023.02.28"]
[WhiteClock "0:00:21"]
[BlackClock "0:00:32"]

1. d4 Nf6 2. c4 c6 3. Nf3 d5 4. Nc3 g6 5. Bf4 Bg7 6. e3 O-O 7. h3 Bf5 8. Be2 Ne4 9. O-O Nxc3 10. bxc3 Be4 11. Nd2 Bf5 12. Qb3 Qb6 13. cxd5 Qxb3 14. axb3 cxd5 15. Bf3 e6 16. c4 Nc6 17. cxd5 exd5 18. Bxd5 Rfd8 19. Bxc6 bxc6 20. Rfc1 Bd7 21. Ne4 Bf5 22. Nc5 Rdc8 23. Nb7 Be6 24. Nc5 Bd5 25. Ra6 Bf8 26. b4 Bxc5 27. Rxc5 Rd8 28. f3 f5 29. Kf2 Rd7 30. Rca5 Rb7 31. Bd6 Kf7 32. Bc5 h5 33. h4 Rc7 34. Bxa7 Bc4 35. Bb6 Rxa6 36. Bxc7 Rxa5 37. bxa5 Bd3 38. Kg3 Bf1 39. Kf4 Ke6 40. g3 Be2 41. e4 fxe4 42. fxe4 Bd3 43. Bb6 Kf6 44. Bc5 Ke6 45. Bb4 Kf6 46. d5 cxd5 47. exd5 Bc4 48. Ke4 Kf7 49. Ke5 1-0


[Site "https://www.chess.com"]

[Event "Titled Tuesday Blitz February 28 Early 2023"]
[White "Aldokhin, Ivan"]
[Black "Koelle, Tobias"]
[WhiteFideId "24115720"]
[BlackFideId "16207378"]
[WhiteElo "2322"]
[BlackElo "2497"]
[Result "0-1"]
[Round "02"]
[TimeControl "180+2"]
[Date "2023.02.28"]
[WhiteClock "0:00:06"]
[BlackClock "0:01:48"]

1. e4 c5 2. Nf3 g6 3. d4 cxd4 4. Nxd4 Bg7 5. Nc3 Nc6 6. Be3 Nf6 7. Bc4 O-O 8. Bb3 d6 9. h3 Bd7 10. O-O a6 11. f4 Rc8 12. Nf3 Na5 13. e5 dxe5 14. fxe5 Nh5 15. Qe1 Nxb3 16. axb3 f5 17. Rd1 Qe8 18. Qh4 Bc6 19. Nd5 Bxd5 20. Rxd5 Rxc2 21. Nd4 Rxb2 22. g4 fxg4 23. Rxf8+ Qxf8 24. hxg4 Rb1+ 25. Kh2 Qf1 26. Rd8+ Bf8 27. gxh5 Rb2+ 28. Nc2 Rxc2+ 29. Rd2 Rxd2+ 30. Bxd2 Qe2+ 31. Kg1 Qxd2 32. hxg6 Qc1+ 0-1


[Site "https://www.chess.com"]

[Event "Titled Tuesday Blitz February 28 Early 2023"]
[White "Vakhlamov, Igor L."]
[Black "Gunduz, Umut Erdem"]
[WhiteFideId "24126748"]
[BlackFideId "6381383"]
[WhiteElo "2400"]
[BlackElo "2182"]
[Result "0-1"]
[Round "02"]
[TimeControl "180+2"]
[Date "2023.02.28"]
[WhiteClock "0:00:02"]
[BlackClock "0:00:08"]

1. e4 c5 2. Nf3 d6 3. Nc3 Nf6 4. d4 cxd4 5. Qxd4 Nc6 6. Bb5 Bd7 7. Bxc6 Bxc6 8. Bg5 e6 9. O-O-O Be7 10. Rhe1 Qc7 11. Bxf6 gxf6 12. Qd3 a6 13. Nd4 Bd7 14. Kb1 b5 15. f4 h5 16. f5 Qc5 17. g3 O-O-O 18. Nb3 Qb6 19. Qf3 Kb8 20. Ne2 Rc8 21. Nf4 h4 22. g4 Rc4 23. Re2 a5 24. Red2 a4 25. Nd4 d5 26. fxe6 fxe6 27. Nfe2 dxe4 28. Qxe4 Bc8 29. Qd3 Rd8 30. Qe3 Bc5 31. c3 e5 32. Qf3 exd4 33. cxd4 Bb4 34. Rd3 Bb7 35. Qf4+ Qd6 36. Qf2 Be4 37. a3 Bxd3+ 38. Rxd3 Ba5 39. Rf3 Rf8 40. g5 f5 41. Rxf5 Qg6 42. Qf4+ Bc7 0-1


[Site "https://www.chess.com"]

[Event "Titled Tuesday Blitz February 28 Early 2023"]
[White "Ordekalog"]
[Black "Zemlyanskii, Ivan"]
[BlackFideId "24249971"]
[WhiteElo "2578"]
[BlackElo "2233"]
[Result "0-1"]
[Round "02"]
[TimeControl "180+2"]
[Date "2023.02.28"]
[WhiteClock "0:00:01"]
[BlackClock "0:00:03"]

1. e4 Nc6 2. Nf3 d5 3. exd5 Qxd5 4. Nc3 Qd6 5. d4 Nf6 6. h3 Bf5 7. Bc4 e6 8. O-O Nb4 9. Bb3 Be7 10. Re1 O-O 11. Nh4 Bg6 12. Nxg6 hxg6 13. Qf3 c6 14. Be3 Nbd5 15. Nxd5 cxd5 16. c3 b5 17. a3 Rfc8 18. Bf4 Qd7 19. Qd3 a5 20. Re2 b4 21. cxb4 axb4 22. a4 Bd6 23. Be5 Bxe5 24. dxe5 Ne8 25. h4 Nc7 26. Qh3 Na6 27. h5 gxh5 28. Qxh5 Nc5 29. Re3 Ne4 30. Rh3 Kf8 31. f3 Qa7+ 32. Kh2 Nf2 33. Rh4 Qe3 34. Qh8+ Ke7 35. Qxg7 Rg8 36. Qf6+ Ke8 37. Rh8 Rxh8+ 38. Qxh8+ Ke7 39. Qxa8 Qxe5+ 40. Kg1 Nh3+ 41. Kf1 Qe3 42. Qb7+ Kf6 43. gxh3 Qxf3+ 44. Ke1 Qe3+ 45. Kd1 Qxb3+ 46. Kc1 Qc4+ 47. Kd2 Qd4+ 48. Kc2 Qc4+ 49. Kd2 Qd4+ 50. Ke2 Qe4+ 51. Kf2 Qf4+ 52. Kg2 Qe4+ 53. Kg3 Qe3+ 54. Kg2 Qe4+ 55. Kf2 Qf4+ 56. Ke1 Qe3+ 57. Kd1 Qg1+ 58. Kc2 Qxa1 59. Qxb4 e5 60. Qb6+ Kf5 61. Qf2+ Ke6 62. Qb6+ Kf5 63. Qb5 d4 64. Qd7+ Kf4 65. Qg4+ Ke3 66. Qg3+ Ke4 67. Qg2+ Kf5 68. Qf3+ Kg6 69. Qg4+ Kf6 70. Qf3+ Ke7 71. Qb7+ Kd6 72. Qb6+ Kd5 73. Qb3+ Ke4 74. Qd3+ Kf4 75. Qd2+ Kf3 76. Qd3+ Kf4 77. Qd2+ Kf5 78. Qf2+ Ke6 79. Kb3 Qd1+ 80. Kb4 d3 81. Qb6+ Kf5 82. Qf2+ Ke4 83. Qh4+ Ke3 84. Qg5+ Ke2 85. Qg4+ Kd2 86. Qg5+ Kc2 87. Qxe5 d2 88. Qe4+ Kc1 89. Qc4+ Qc2 90. Qf4 Kb1 0-1


[Site "https://www.chess.com"]

[Event "Titled Tuesday Blitz February 28 Early 2023"]
[White "Ohanyan, Emin"]
[Black "Aggelis, Nikolaos"]
[WhiteFideId "13312022"]
[BlackFideId "4213220"]
[WhiteElo "2403"]
[BlackElo "2189"]
[Result "1-0"]
[Round "02"]
[TimeControl "180+2"]
[Date "2023.02.28"]
[WhiteClock "0:01:10"]
[BlackClock "0:00:12"]

1. e4 c6 2. d4 d5 3. Nc3 dxe4 4. Nxe4 Nf6 5. Nxf6+ exf6 6. Bd3 Bd6 7. Qh5 g6 8. Qh6 Qe7+ 9. Ne2 Be6 10. Qg7 Rf8 11. Bh6 Nd7 12. Qxh7 O-O-O 13. Bxf8 Nxf8 14. Qh6 g5 15. h4 Ng6 16. hxg5 fxg5 17. Bxg6 fxg6 18. O-O-O Bxa2 19. Rhe1 Qf6 20. Qh3+ Be6 21. Qf3 Qxf3 22. gxf3 Bd5 23. Rd3 Rf8 24. Nc3 Bxf3 25. d5 cxd5 26. Nxd5 Bxd5 27. Rxd5 Kc7 28. Re6 Bf4+ 29. Kd1 Bh2 30. Ke2 Bf4 31. Rxg6 Rf7 32. Rc5+ Kd7 33. Kd3 b6 34. Rd5+ Kc7 35. b4 Kb7 36. b5 Rc7 37. c4 Rf7 38. f3 Bc1 39. Ke2 Re7+ 40. Kf2 Rc7 41. Rd4 Re7 42. Re4 Rd7 43. Kg3 Bf4+ 44. Kg4 a6 45. Ree6 axb5 46. Rxb6+ Kc8 47. Rxb5 Rd1 48. Rc6+ Kd7 49. Rd5+ Rxd5 50. cxd5 1-0


[Site "https://www.chess.com"]

[Event "Titled Tuesday Blitz February 28 Early 2023"]
[White "Koellner, Ruben Gideon"]
[Black "Moroni, Luca Jr"]
[WhiteFideId "12993093"]
[BlackFideId "865834"]
[WhiteElo "2303"]
[BlackElo "2569"]
[Result "1/2-1/2"]
[Round "02"]
[TimeControl "180+2"]
[Date "2023.02.28"]
[WhiteClock "0:01:11"]
[BlackClock "0:00:13"]

1. d4 g6 2. Nf3 Bg7 3. Nbd2 d6 4. e4 Nf6 5. Bc4 O-O 6. O-O Nxe4 7. Nxe4 d5 8. Bd3 dxe4 9. Bxe4 Nd7 10. c3 c5 11. Be3 Qc7 12. dxc5 Nxc5 13. Bc2 b6 14. Bxc5 bxc5 15. Qe2 Rb8 16. Bb3 Bb7 17. Rfe1 e6 18. Rad1 Rfd8 19. Rxd8+ Rxd8 20. Rd1 Bf6 21. Rxd8+ Qxd8 22. Qd2 Qxd2 23. Nxd2 Bg5 24. Nc4 Bc1 25. Bc2 Bd5 26. b3 Bxc4 27. bxc4 Bd2 28. Kf1 Kf8 29. Ke2 Bxc3 30. Ba4 Ke7 31. h3 Bd4 32. f3 h5 33. Kd3 h4 34. Ke4 f5+ 35. Kd3 Kf6 36. Be8 g5 37. Bd7 Ke5 38. Bc8 Kd6 39. Ke2 Ke5 40. Kd3 Kf6 41. Ke2 Be5 42. Kd3 Bd6 43. Bd7 Ke5 44. Bc8 Be7 45. Bd7 Bd8 46. Bc8 Ba5 47. Bd7 Be1 48. Bc8 Bf2 49. Bd7 a5 50. a4 Bd4 51. Bc8 Bf2 52. Bd7 Be1 53. Bc8 Bb4 54. Bd7 Ba3 55. Bc8 Bb2 56. Bd7 Ba1 57. Bc8 g4 58. hxg4 fxg4 59. fxg4 Kf4 60. Bxe6 Kg3 61. Bd5 Kxg4 62. Bf3+ Kf4 63. Bd5 Bb2 64. Bc6 Ba3 65. Bb7 Bb4 66. Bc8 Kg3 67. Bb7 Kf2 68. Bc6 Ba3 69. Bb7 Bb2 70. Bc6 Bd4 71. Bd5 Ke1 72. Bf3 Kf1 73. Bb7 Kg1 74. Be4 Kf2 75. Bd5 Kg3 76. Be4 Kf4 77. Bd5 Be5 78. Be4 Bc7 79. Bd5 Bd8 80. Bc6 Bf6 81. Bb7 Kg3 82. Bc6 Bg7 83. Bd5 Kf2 84. Be4 Ke1 85. Bf3 Bf6 86. Bd5 Kf2 87. Bc6 Bd4 88. Bd5 1/2-1/2


[Site "https://www.chess.com"]

[Event "Titled Tuesday Blitz February 28 Early 2023"]
[White "Molina, Roberto Junio Brito"]
[Black "Janaszak, Dawid"]
[WhiteFideId "2109450"]
[BlackFideId "1119206"]
[WhiteElo "2376"]
[BlackElo "2220"]
[Result "1/2-1/2"]
[Round "02"]
[TimeControl "180+2"]
[Date "2023.02.28"]
[WhiteClock "0:00:15"]
[BlackClock "0:00:15"]

1. d4 d5 2. c4 e6 3. Nc3 c5 4. cxd5 exd5 5. Nf3 Nc6 6. e3 Nf6 7. Be2 Bd6 8. dxc5 Bxc5 9. O-O O-O 10. a3 a5 11. Nb5 Ne4 12. b3 Qf6 13. Rb1 Be6 14. Bb2 Qh6 15. Nfd4 Bd6 16. Nxd6 Nxd6 17. Rc1 Bd7 18. Bf3 Ne4 19. Ne2 Ng5 20. Bxd5 Rad8 21. Qc2 Ne7 22. Bc4 Bc6 23. Nf4 Ng6 24. f3 Nxf4 25. exf4 Ne6 26. g3 Nd4 27. Bxd4 Rxd4 28. Rcd1 Qd6 29. Rxd4 Qxd4+ 30. Qf2 Qc3 31. Qe1 Qd4+ 32. Qf2 Qc3 33. a4 Rd8 34. Re1 g6 35. Qe3 Qb4 36. Qe7 Qb6+ 37. Kg2 Rf8 38. Re3 Qd4 39. f5 Qd2+ 40. Re2 Qc3 41. Qe3 Qxe3 42. Rxe3 gxf5 43. Re5 Kg7 44. Rxf5 f6 45. Rxa5 Rd8 46. g4 Rd2+ 47. Kg3 Rc2 48. Rf5 Bxa4 49. bxa4 Rxc4 50. Rb5 Rxa4 51. Rxb7+ Kg6 52. Rb6 h6 53. h4 Kg7 54. Rb7+ Kg8 55. h5 Rc4 56. Re7 Rd4 57. Re4 Rd1 58. Kf4 Rd5 59. Re7 Ra5 60. Rd7 Rb5 61. Ke4 Re5+ 62. Kd4 Ra5 63. Rd5 Ra3 64. Ke4 Kf7 65. f4 Ra4+ 66. Kf5 Ra7 67. Rc5 Rb7 68. Ra5 Rc7 69. Rd5 Rb7 70. Ke4 Rb4+ 71. Rd4 Rb7 72. Rc4 Re7+ 73. Kf5 Ra7 74. Rc5 Rb7 75. g5 fxg5 76. fxg5 hxg5 77. Kxg5 Kg7 78. Rf5 Kh7 79. Re5 Rc7 80. Kf5 Rf7+ 81. Kg5 Rg7+ 82. Kh4 Rb7 83. Re4 Rc7 84. Rg4 Rb7 85. Rg5 Rb4+ 86. Rg4 Rxg4+ 87. Kxg4 Kh8 88. Kh4 Kg8 89. Kg4 Kh8 90. Kh4 Kg8 91. Kg4 Kh8 1/2-1/2


[Site "https://www.chess.com"]

[Event "Titled Tuesday Blitz February 28 Early 2023"]
[White "Yaran, Siar"]
[Black "Peng, Li Min"]
[WhiteFideId "6323006"]
[BlackFideId "14112620"]
[WhiteElo "2191"]
[BlackElo "2436"]
[Result "1-0"]
[Round "02"]
[TimeControl "180+2"]
[Date "2023.02.28"]
[WhiteClock "0:01:03"]
[BlackClock "0:00:01"]

1. d4 Nf6 2. c4 e6 3. Nc3 Bb4 4. e3 O-O 5. Bd3 Re8 6. Nf3 Bxc3+ 7. bxc3 d6 8. O-O e5 9. dxe5 dxe5 10. Nxe5 Qe7 11. Nf3 Bg4 12. h3 Bxf3 13. Qxf3 c5 14. e4 Nc6 15. Bf4 Ne5 16. Bxe5 Qxe5 17. Bc2 Rad8 18. Rad1 b6 19. Qe3 Qe7 20. f4 g6 21. e5 Nh5 22. g4 Ng7 23. Rd5 Ne6 24. Rfd1 Nc7 25. Kg2 Nxd5 26. cxd5 c4 27. Ba4 Rf8 28. Bc6 Qc7 29. Rd4 b5 30. f5 1-0


[Site "https://www.chess.com"]

[Event "Titled Tuesday Blitz February 28 Early 2023"]
[White "Tologon tegin, Semetei"]
[Black "Yeletsky, Ivan"]
[WhiteFideId "13800574"]
[BlackFideId "24180327"]
[WhiteElo "2247"]
[BlackElo "2414"]
[Result "0-1"]
[Round "02"]
[TimeControl "180+2"]
[Date "2023.02.28"]
[WhiteClock "0:00:06"]
[BlackClock "0:00:21"]

1. d4 Nf6 2. c4 Nc6 3. Nf3 e6 4. a3 d5 5. Nc3 dxc4 6. e4 Na5 7. Bg5 Be7 8. Bxc4 Nxc4 9. Qa4+ Nd7 10. Bxe7 Nxb2 11. Qc2 Qxe7 12. Qxb2 O-O 13. O-O b6 14. Rac1 Bb7 15. Rfe1 Rfe8 16. Nb5 Rec8 17. Nxc7 Rab8 18. Nb5 Rxc1 19. Qxc1 a6 20. Nc3 Nf6 21. Qb2 b5 22. e5 Nd5 23. Ne4 Nb6 24. Nfd2 h6 25. Nd6 Bd5 26. N2e4 Qc7 27. Rc1 Nc4 28. Nxc4 bxc4 29. Qc2 Qa5 30. Nd6 Qxa3 31. Nxc4 Qb4 32. Ne3 Qxd4 33. Rd1 Qxe5 34. Nxd5 exd5 35. g3 Rd8 36. Qa2 Rd6 37. Rc1 g6 38. Qd2 Kg7 39. Rd1 d4 40. h4 h5 41. Qd3 Qb5 42. Qe4 d3 43. Rd2 Qd5 44. Qf4 Re6 45. Kh2 Re1 46. f3 Re2+ 47. Kg1 Rxd2 48. Qxd2 Qxf3 49. Qc3+ Kh7 50. Qd4 Qxg3+ 51. Kf1 Qf3+ 52. Kg1 Qd1+ 53. Kg2 Qe2+ 54. Kg3 d2 55. Qd7 Qg4+ 56. Kf2 Qxd7 0-1


[Site "https://www.chess.com"]

[Event "Titled Tuesday Blitz February 28 Early 2023"]
[White "Drygalov, Andrey"]
[Black "Djokic, Mihailo"]
[WhiteFideId "24171735"]
[BlackFideId "976440"]
[WhiteElo "2471"]
[BlackElo "2294"]
[Result "1-0"]
[Round "02"]
[TimeControl "180+2"]
[Date "2023.02.28"]
[WhiteClock "0:00:23"]
[BlackClock "0:00:03"]

1. e4 c5 2. Nf3 d6 3. d4 cxd4 4. Nxd4 Nf6 5. Nc3 g6 6. Be3 Bg7 7. f3 O-O 8. Qd2 Nc6 9. Bc4 Bd7 10. O-O-O Rc8 11. Bb3 Ne5 12. Kb1 Nc4 13. Bxc4 Rxc4 14. g4 Qc7 15. g5 Nh5 16. Nd5 Qd8 17. Nb3 b6 18. Bd4 Be6 19. Bxg7 Kxg7 20. Nd4 Bxd5 21. exd5 Qd7 22. Nc6 e5 23. Qd3 Rh4 24. Qc3 Re8 25. Qa3 a5 26. Qb3 a4 27. Qxb6 Qf5 28. Nb4 Qxg5 29. Qxd6 Rd8 30. Qc5 Qf5 31. a3 Nf4 32. d6 Ne6 33. Qa5 Rc4 34. Rhe1 Nd4 35. Rxd4 exd4 36. Qxd8 d3 37. Nxd3 Qxf3 38. d7 Rd4 39. Qe8 Qd5 40. Qe5+ Qxe5 41. Nxe5 f6 42. Nc6 Rxd7 43. Re7+ Rxe7 44. Nxe7 Kf7 45. Nd5 Ke6 46. Nc3 f5 47. Kc1 Ke5 48. Kd2 Kd4 49. Nxa4 g5 50. Nc3 h5 51. a4 f4 52. Ke2 g4 53. a5 Kc5 54. b4+ Kc6 55. b5+ Kb7 56. a6+ Ka7 57. Nd5 f3+ 58. Kf2 h4 59. c4 g3+ 60. hxg3 h3 61. Kxf3 h2 1-0


[Site "https://www.chess.com"]

[Event "Titled Tuesday Blitz February 28 Early 2023"]
[White "Ahmadzada, Ahmad"]
[Black "Domingo Nunez, Alejandro"]
[WhiteFideId "13413007"]
[BlackFideId "22245561"]
[WhiteElo "2388"]
[BlackElo "2230"]
[Result "1-0"]
[Round "02"]
[TimeControl "180+2"]
[Date "2023.02.28"]
[WhiteClock "0:00:13"]
[BlackClock "0:00:02"]

1. Nf3 g6 2. e4 Bg7 3. d4 c6 4. Nc3 d5 5. h3 dxe4 6. Nxe4 Nf6 7. Bd3 O-O 8. O-O Nbd7 9. c3 Nxe4 10. Bxe4 e5 11. Bg5 Qc7 12. d5 cxd5 13. Bxd5 Nb6 14. Bb3 Re8 15. Qe2 Be6 16. Rfd1 e4 17. Nd4 Bxb3 18. axb3 Qe5 19. Qb5 Nd5 20. Ra5 Qxg5 21. Qxd5 Qe7 22. Re1 Rad8 23. Qc4 a6 24. Rc5 Qh4 25. Rc7 Qf4 26. g3 Qf6 27. Rxb7 Bh6 28. Re2 e3 29. Kg2 Rd6 30. f4 Rdd8 31. Qc6 Qg7 32. Qf3 Rxd4 33. cxd4 Qxd4 34. Qc6 Rf8 35. Re7 1-0


[Site "https://www.chess.com"]

[Event "Titled Tuesday Blitz February 28 Early 2023"]
[White "Karttunen, Mika"]
[Black "Orozbaev, Eldiar"]
[WhiteFideId "502081"]
[BlackFideId "13802240"]
[WhiteElo "2396"]
[BlackElo "2201"]
[Result "1-0"]
[Round "02"]
[TimeControl "180+2"]
[Date "2023.02.28"]
[WhiteClock "0:00:11"]
[BlackClock "0:00:09"]

1. d4 Nf6 2. c4 e6 3. g3 d5 4. Bg2 Be7 5. Nf3 c6 6. O-O O-O 7. Qc2 b6 8. Nbd2 Bb7 9. Rd1 Na6 10. e4 Rc8 11. e5 Nd7 12. cxd5 cxd5 13. Qb3 Ndb8 14. a3 Nc6 15. Qe3 Na5 16. b3 Rc2 17. Ne1 Rc7 18. Bb2 Qd7 19. Bf1 Rfc8 20. Bd3 Qd8 21. Qe2 Nb8 22. Ng2 Qe8 23. Ne3 Bc6 24. f4 a6 25. Bb1 Bb5 26. Qh5 g6 27. Qf3 Rc3 28. Bxc3 Rxc3 29. b4 Nb3 30. Nxb3 Rxb3 31. Qf2 Qc6 32. Bc2 Rc3 33. Rac1 a5 34. Qd2 axb4 35. Bb1 Na6 36. Qb2 Ba4 37. Re1 Rxc1 38. Rxc1 Qb5 39. axb4 Nxb4 40. Qd2 Nc6 41. Bd3 Qb3 42. Bf1 Bb4 43. Qd1 Qxd1 44. Nxd1 Nxd4 45. Rb1 Bc5 46. Kg2 Bc2 47. Rc1 Bxd1 48. Rxd1 Nf5 49. Kf3 Nd4+ 50. Kg2 Nc2 51. Rb1 Ne3+ 52. Kf3 Nf5 53. Bd3 Nd4+ 54. Kg2 Kg7 55. Ra1 h5 56. Ra7 h4 57. Rb7 hxg3 58. Kxg3 Nb3 59. Kf3 Nd2+ 60. Ke2 Nb3 61. Kf3 Nd4+ 62. Kg4 Nc6 63. h4 Be3 64. Bb5 Nd4 65. Be8 Ne2 66. Rxf7+ Kh6 67. Kf3 Bxf4 68. Rxf4 Nxf4 69. Kxf4 Kh5 70. Bf7 Kxh4 71. Bxe6 g5+ 72. Kf3 d4 73. Bg4 d3 74. e6 d2 75. Ke2 Kxg4 76. e7 Kh3 77. e8=Q g4 78. Qh5+ Kg3 79. Kxd2 b5 80. Ke2 b4 81. Kf1 b3 82. Kg1 b2 83. Qh2+ Kf3 84. Qxb2 g3 85. Qb3+ Kg4 86. Kg2 1-0


[Site "https://www.chess.com"]